 Dungeon Crawl Stone Soup version 0.28.0-45-g0d030f2227 (webtiles) character file.

Game seed: 881501409430877664

5529 MeArio the Protected (level 10, -1/93 HPs)
             Began as a Minotaur Fighter on Apr 12, 2022.
             Was an Initiate of Yredelemnul.
             Killed by divine providence
             ... invoked by an orc priest
              (13 damage)
             ... on level 9 of the Dungeon.
             The game lasted 00:36:19 (8166 turns).

MeArio the Protected (Minotaur Fighter)             Turns: 8166, Time: 00:36:19

Health: -1/93      AC: 18    Str: 26    XL:     10   Next: 43%
Magic:  9/9        EV:  7    Int:  5    God:    Yredelemnul [......]
Gold:   454        SH: 13    Dex:  9    Spells: 9/9 levels left

rFire   . . .      SeeInvis .   a - +1 long sword
rCold   . . .      Faith    .   n - +2 buckler
rNeg    . . .      Spirit   .   p - +1 plate armour
rPois   .          Reflect  +   (helmet restricted)
rElec   .          Harm     .   v - +0 cloak
rCorr   .          Rampage  .   (no gloves)
Will    +....                   g - +0 pair of boots
Stlth   ..........              k - amulet of reflection
HPRegen 0.25/turn               h - +4 ring of slaying
MPRegen 0.11/turn               r - ring of willpower

@: hasted, very quick
A: horns 2, retaliatory headbutt
a: Renounce Religion, Recall Undead Harvest


You were on level 9 of the Dungeon.
You worshipped Yredelemnul.
Yredelemnul was noncommittal.
You visited 2 branches of the dungeon, and saw 11 of its levels.
You also visited: Ossuary.

You collected 454 gold pieces.

Inventory:

Hand Weapons
 a - a +1 long sword (weapon)
Missiles
 e - 16 poisoned darts (quivered)
Armour
 g - a +0 pair of boots (worn)
 n - a +2 buckler (worn)
 p - a +1 plate armour (worn)
 v - a +0 cloak (worn)
Jewellery
 f - a ring of fire
 h - a +4 ring of slaying (left hand)
 k - an amulet of reflection (around neck)
 l - a +4 ring of protection
 o - an amulet of the acrobat
 r - a ring of willpower (right hand)
 t - a ring of poison resistance
 C - a ring of magical power
 E - a ring of positive energy
Wands
 j - a wand of mindburst (14)
 w - a wand of charming (9)
 A - a wand of flame (19)
 B - a wand of iceblast (22)
 I - a wand of digging (7)
 L - a wand of paralysis (6)
Scrolls
 b - 2 scrolls of identify
 d - a scroll of vulnerability
 x - a scroll of enchant weapon
 y - a scroll of magic mapping
 D - a scroll of blinking
 G - a scroll of fear
 J - a scroll of enchant armour
 M - a scroll of teleportation
Potions
 c - 3 potions of brilliance
 i - 5 potions of lignification
 q - 5 potions of curing
 s - a potion of haste
 u - 2 potions of might
 z - 5 potions of berserk rage
 F - 5 potions of attraction
 H - a potion of mutation {unknown}
 K - a potion of resistance {unknown}


   Skills:
 + Level 10.1 Fighting
 + Level 9.7 Long Blades
 + Level 10.1 Armour
 + Level 10.1 Shields


You had 9 spell levels left.
You didn't know any spells.
Your spell library contained the following spells:

 Spells                   Type           Power      Damage    Failure   Level
 Animate Skeleton         Necr           0%         N/A       99%         1
 Pain                     Necr           0%         1d4       99%         1
 Sandblast                Erth           0%         2d4       99%         1
 Slow                     Hex            0%         N/A       99%         1
 Blink                    Tloc           0%         N/A       100%        2
 Passwall                 Tmut/Erth      0%         N/A       100%        2
 Scorch                   Fire           0%         2d5       100%        2
 Confusing Touch          Hex            0%         N/A       100%        3
 Lesser Beckoning         Tloc           0%         N/A       100%        3
 Stone Arrow              Conj/Erth      0%         3d7       100%        3
 Vampiric Draining        Necr           0%         2d6       100%        3
 Animate Armour           Summ/Erth      0%         N/A       100%        4
 Flame Wave               Conj/Fire      0%         2d4       100%        4
 Petrify                  Tmut/Erth      0%         N/A       100%        4
 Blade Hands              Tmut           0%         N/A       100%        5
 Manifold Assault         Tloc           0%         N/A       100%        5
 Metabolic Englaciation   Hex/Ice        0%         N/A       100%        5
 Iron Shot                Conj/Erth      0%         9d1       100%        6
 Statue Form              Tmut/Erth      0%         N/A       100%        6
 Summon Cactus Giant      Summ           0%         N/A       100%        6


Dungeon Overview and Level Annotations

Branches:
Dungeon (10/15)            Temple (1/1) D:5         Ossuary (visited)
   Lair: D:8-11         Orc: D:9-12

Altars:
Ashenzari
Cheibriados
Makhleb
Okawaru
Ru
Sif Muna
Trog
Uskayaw
Vehumet
Wu Jian
Xom
Yredelemnul
The Shining One


Innate Abilities, Weirdness & Mutations

You have a pair of horns on your head.
You reflexively headbutt those who attack you in melee.


Message History

Something hits you.
* * * LOW HITPOINT WARNING * * *
Something hits you but does no damage.
There is a stone staircase leading down here.
Something hits you but does no damage. x2
You climb downwards.
Reactivating autopickup.
There is a stone staircase leading up here.
Okay, then.
You start resting.
Something hits you but does no damage.
Deactivating autopickup; reactivate with Ctrl-A.
Unknown command.
Okay, then.
You can't go down here!
Something hits you but does no damage.
You climb upwards.
Reactivating autopickup.
You block something's attack.
Deactivating autopickup; reactivate with Ctrl-A.
There is a stone staircase leading down here.
You feel yourself speed up. Something hits you but does no damage.
You block something's attack.
You hear some strange, mumbled words.
A puff of flame appears from out of thin air!
The puff of flame reflects off an invisible shield around you!
The puff of flame hits something!
Something hits you.
* * * LOW HITPOINT WARNING * * *
Something hits you but does no damage. Something hits you.
* * * LOW HITPOINT WARNING * * *
The orc priest shouts!
You block something's attack. Something hits you but does no damage.
A magic dart appears from out of thin air!
The magic dart hits something!
Something hits you but does no damage.
The orc priest calls down the wrath of Beogh upon you.
Beogh smites you!
You die...
Your body rises from the dead as a mindless zombie.

.##......#.# Y..
.##........###..........
###.........##..........
.........o..##..........
........................
........................
...#...................
...#...............#
..........>....{@.$#
........................
........................
........................
[........#+#...(.......#
.........# #...........#
.........# #...........#
.......... ............#
........... .....


You could see an orc priest.

Vanquished Creatures
  A two-headed ogre (D:8)
  Grinder (D:6)
  14 yaks
  Eustachio (D:5)
  Menkaure (D:4)
  An ice beast (D:8)
  2 sky beasts
  2 black bears
  2 necrophages
  An ogre (D:6)
  A centaur (D:6)
  2 kobold brigands
  4 bullfrogs
  5 water moccasin zombies (Ossuary)
  2 scorpions
  5 orc priests
  3 centaur zombies
  2 jellies
  A bullfrog skeleton (D:4)
  2 hounds (D:6)
  4 iguanas
  3 mummies
  6 adders
  An ufetubus (D:4)
  5 adder zombies (Ossuary)
  4 dart slugs
  26 orcs
  6 bats
  12 endoplasms
  4 giant cockroaches
  5 gnoll zombies (Ossuary)
  9 goblins
  8 hobgoblins
  3 jackals (D:1)
  4 quokkas
  6 ball pythons
  4 hobgoblin zombies (Ossuary)
  15 kobolds
  2 kobold zombies (Ossuary)
  4 orc zombies (Ossuary)
  5 rats
189 creatures vanquished.

Vanquished Creatures (collateral kills)
  3 howler monkeys (D:8)
  6 orcs (D:8)
9 creatures vanquished.

Vanquished Creatures (others)
  4 yak zombies
  2 kobold zombies (D:8)
  5 orc zombies (D:8)
11 creatures vanquished.

Grand Total: 209 creatures vanquished

Notes
Turn   | Place    | Note
-------+----------+-------------------------------------------
     0 | D:1      | MeArio the Minotaur Fighter began the quest for the Orb.
     0 | D:1      | Reached XP level 1. HP: 19/19 MP: 0/0
   211 | D:1      | Reached XP level 2. HP: 27/27 MP: 1/1
   329 | D:1      | Found a faded altar of an unknown god.
   629 | D:1      | Reached XP level 3. HP: 32/33 MP: 2/2
  1307 | D:2      | Reached XP level 4. HP: 41/41 MP: 3/3
  2784 | D:4      | Noticed a necrophage
  2796 | D:4      | Killed a necrophage
  2797 | D:4      | Reached XP level 5. HP: 47/47 MP: 4/4
  2865 | D:4      | Noticed Menkaure
  2870 | D:4      | Killed Menkaure
  2871 | D:4      | Reached skill level 5 in Fighting
  2871 | D:4      | Reached skill level 5 in Armour
  2871 | D:4      | Reached skill level 5 in Shields
  2871 | D:4      | Reached XP level 6. HP: 55/56 MP: 5/5
  3236 | D:4      | Identified the +4 robe "Beahum" {+Blink Will- Regen+ rCorr}
  3488 | D:4      | Reached skill level 5 in Long Blades
  3586 | D:5      | Entered Level 5 of the Dungeon
  3633 | D:5      | Noticed Eustachio
  3679 | D:5      | Killed Eustachio
  3680 | D:5      | Reached XP level 7. HP: 63/63 MP: 6/6
  3897 | D:5      | Found a staircase to the Ecumenical Temple.
  4554 | D:6      | Noticed Grinder
  4564 | D:6      | Reached XP level 8. HP: 61/71 MP: 7/7
  4596 | D:6      | Killed Grinder
  5227 | D:7      | Found a sand-covered staircase.
  5239 | Ossuary  | Entered an ossuary
  5383 | Ossuary  | Reached XP level 9. HP: 73/81 MP: 8/8
  5677 | D:7      | Identified the +0 robe of Crawling {rC- Will++ Int+9
                  | Stlth+}
  6314 | Temple   | Entered the Ecumenical Temple
  6351 | Temple   | Became a worshipper of Yredelemnul the Dark
  6847 | D:8      | Noticed a two-headed ogre
  6857 | D:8      | Killed a two-headed ogre
  6892 | D:8      | Found a snail-covered altar of Cheibriados.
  7020 | D:8      | Reached * piety under Yredelemnul
  7029 | D:8      | Reached ** piety under Yredelemnul
  7272 | D:8      | Reached *** piety under Yredelemnul
  7410 | D:8      | Reached XP level 10. HP: 91/91 MP: 9/9
  7981 | D:9      | Reached skill level 10 in Fighting
  7981 | D:9      | Reached skill level 10 in Armour
  7981 | D:9      | Reached skill level 10 in Shields
  8156 | D:10     | Entered Level 10 of the Dungeon
  8166 | D:9      | Killed from afar by an orc priest

Illustrated notes

Levels and vault maps discovered:
D:1:      minmay_arrival_hallway, layout_loops_ring,
          hellmonk_ecumenical_altar_lost_god
D:2:      layout_loops_ring
D:3:      layout_basic
D:4:      layout_basic, minmay_misc_feat_x, nicolae_elevator_lobby_asterisk,
          uniq_menkaure
D:5:      layout_basic, minmay_temple_entry_from_below_a, uniq_eustachio
D:6:      layout_rooms, dk_noncrumbling_3, uniq_grinder
D:7:      layout_gridville, gup_ossuary_entry_pyramid
D:8:      layout_cave_pods, kennysheep_slug_shrine
D:9:      layout_basic, kennysheep_another_room, uniq_maggie
D:10:     layout_stronghold, uniq_erica, uniq_erolcha
Temple:   regret_index_temple_sigil_plot

Skill      XL: |  1  2  3  4  5  6  7  8  9 10 |
---------------+-------------------------------+-----
Armour         | 4 5 6 7 9 10 | 10.1
Fighting       | 4 5 6 7 9 10 | 10.1
Shields        | 4 5 6 7 9 10 | 10.1
Long Blades    | 3 4 5 6 7 9 |  9.7

Action                   |  1- 3 |  4- 6 |  7- 9 | 10-12 || total
-------------------------+-------+-------+-------+-------++-------
Melee: Long sword        |    80 |   132 |   246 |    55 ||   513
       Headbutt          |     8 |    17 |    43 |    14 ||    82
  Use: Scroll            |     1 |     5 |    12 |     3 ||    21
       Potion            |       |     1 |       |     5 ||     6
 Stab: Distracted        |       |       |     1 |       ||     1
Armor: Chain mail        |    35 |    14 |       |       ||    49
       Scale mail        |     2 |       |       |       ||     2
       Plate armour      |       |    28 |    96 |    91 ||   215
Dodge: Dodged            |    23 |    28 |    37 |     6 ||    94
Block: Buckler           |    29 |    57 |   127 |    40 ||   253
       Reflection        |     1 |     6 |     9 |     1 ||    17
